cohdb
Replays
Latest Replays
All Replays
Popular Replays
Top Player Replays
Match Explorer
How It Works
Community
CoH3 Stats
Reddit
Sign in to upload your games and track your stats! →
Sign in with Steam
Match 45929318
Unlisted
Match 45929318
Overview
Messages
Build Orders
End
Construct Barracks
Selects Heavy Weapons
Riflemen Squad
Riflemen Squad
Grenade Package
Riflemen Squad
Construct Weapon Support Center
M1919 Machine Gun Team
Selects M2HB .50cal Heavy Machine Gun
Bazooka Squad
Construct Medical Station
Air Support Center
M1918 Browning Automatic Rifles
Engineer Squad
P-47 Dive Bomb
Riflemen Squad
P-47 Strafing Run
Riflemen Squad
Selects Assault Carriers
Selects Exchangeable Parts
Selects Gallant Stand
Advanced Air Reconnaissance
Riflemen Squad
Don Pitudo
큐티큐티킹왕짱
Mone
Enoche
cowald
DoubleCores
0
0
Comments
sign in to comment!
No comments posted yet!